cohdb
Replays
Latest Replays
All Replays
Popular Replays
Top Player Replays
Match Explorer
How It Works
Community
CoH3 Stats
Reddit
Sign in to upload your games and track your stats! →
Sign in with Steam
When everyone fights mid
Match 42209192
Overview
Messages
Build Orders
End
Construct Infanterie Kompanie
Selects Terror Battlegroup
Selects Machine Gun Camouflage
MG 42 Machine Gun Team
Grenadier Squad
Grenadier Squad
Construct Luftwaffe Kompanie
Selects Contempt for the Weak
MG 42 Bunker
Support Elements
Jäger Squad
Wirbelwind Flakpanzer
Medical Station
Jäger Squad
Construct Panzer Kompanie
Selects Propaganda Leaflet Drop
Pioneer Squad
Grenadier Squad
Panzer IV Medium Tank
Stoßtruppen Squad
Side Skirts
Propaganda Leaflet Drop
Selects V1 Rocket Strike
Panzer IV Medium Tank
Panzer Officer Quarters
Medical Bunker
Pioneer Squad
Construct Panzergrenadier Kompanie
V1 Rocket Strike
Panzer IV Medium Tank
Nebelwerfer 42 Rocket Launcher Team
Selects No Quarter
Pioneer Squad
Selects King Tiger Heavy Tank
King Tiger Heavy Tank
Panzer IV Medium Tank
Propaganda Leaflet Drop
Pioneer Squad
V1 Rocket Strike
Stoßtruppen Squad
Wirbelwind Flakpanzer
lzz091
修勾
Hellfire
X
dinamix.fr
seb
fris85
tmk
0
0
Comments
sign in to comment!
No comments posted yet!